 Dungeon Crawl Stone Soup version 0.30-a0-341-g682706514a (webtiles) character file.

Game seed: 6794427614804448755

72 jlumianski the Trooper (level 4, 0/35 HPs)
             Began as a Demonspawn Fighter on Nov 3, 2022.
             Succumbed to an adder's poison
             ... on level 2 of the Dungeon.
             The game lasted 00:05:22 (1078 turns).

jlumianski the Trooper (Demonspawn Fighter)         Turns: 1078, Time: 00:05:22

Health: 0/35       AC:  6    Str: 19    XL:     4   Next: 7%
Magic:  4/4        EV:  9    Int: 11    God:
Gold:   68         SH:  8    Dex: 12    Spells: 3/3 levels left

rFire   . . .      SeeInvis .    a - +0 war axe
rCold   . . .      Faith    .    c - +0 buckler
rNeg    . . .      Spirit   .    b - +0 scale mail
rPois   .          Reflect  .    (no helmet)
rElec   .          Harm     .    (no cloak)
rCorr   .          Rampage  .    (no gloves)
Will    .....                    (no boots)
Stlth   ..........               (no amulet)
HPRegen 0.25/turn                (no ring)
MPRegen 0.09/turn                (no ring)

@: brilliant, lethally poisoned (0 -> -4)
A: big brain 1, condensation shield, demonic magic 1
a: no special abilities


You were on level 2 of the Dungeon.
You visited 1 branch of the dungeon, and saw 3 of its levels.

You collected 68 gold pieces.

Inventory:

Hand Weapons
 a - a +0 war axe (weapon)
Armour
 b - a +0 scale mail (worn)
 c - a +0 buckler (worn)
Scrolls
 f - 3 scrolls of identify {unknown}
 g - a scroll of teleportation {unknown}
Potions
 d - a potion of might
 h - a potion of magic


   Skills:
 + Level 3.3 Fighting
 + Level 3.0 Axes
 + Level 3.0 Armour
 + Level 0.2 Dodging
 + Level 3.1 Shields


You had 3 spell levels left.
You didn't know any spells.
Your spell library contained the following spells:

 Spells                   Type           Power      Damage    Failure   Level
 Summon Forest            Summ/Tloc      0%         N/A       100%        5
 Summon Mana Viper        Hex/Summ       0%         N/A       100%        5
 Summon Cactus Giant      Summ           0%         N/A       100%        6


Dungeon Overview and Level Annotations

Branches:
Dungeon (3/15)

Altars:


Innate Abilities, Weirdness & Mutations

You have an unusually large brain. (Int +2)
A meltable shield of frost defends you. (SH +4)
Spells you cast may paralyse adjacent enemies.


Message History

The adder poisons you!
You hit the adder but do no damage.
You feel sick. The adder closely misses you. x2
You barely miss the adder.
You feel sick. The adder bites you. You block the adder's attack.
You closely miss the adder.
You feel sick.
The adder bites you but does no damage. x2
You closely miss the adder.
You feel sick.
You are no longer poisoned.
The adder bites you but does no damage.
You closely miss the adder. The adder misses you. The adder bites you.
You are poisoned.
The adder poisons you!
You closely miss the adder.
You feel very sick.
The adder bites you but does no damage. x2
You barely miss the adder.
You feel sick. The adder bites you.
You are more poisoned.
The adder poisons you! The adder bites you but does no damage.
You barely miss the adder.
You feel very sick. You block the adder's attack. x2
It was a potion of magic.
Magic courses through your body.
You feel sick. The adder bites you but does no damage.
It was a potion of brilliance.
You feel clever all of a sudden.
You feel sick. The adder closely misses you.
You aren't carrying any items that you can evoke.
Okay, then.
You barely miss the adder.
You feel sick. The adder barely misses you. x2
You miss the adder.
You feel sick.
The adder bites you but does no damage. x2
You closely miss the adder.
You feel sick.
You are no longer poisoned.
You block the adder's attack. The adder bites you.
* * * LOW HITPOINT WARNING * * *
You are lethally poisoned!
The adder poisons you!
You slash the adder!
The adder is almost dead.
You die...

#### #.....†........#
♣
#######....#........#
#..........<........#
#...................#
#........##.........#
#...................#
#.........##........#
#......†..#########..
#......@.## .
#.....)S.# #........#
#.........
#####...... #.......
#........ #........#


You could see an adder.

Vanquished Creatures
  2 gnolls
  4 bats (D:2)
  5 endoplasms
  4 giant cockroaches
  4 goblins (D:1)
  5 hobgoblins
  5 quokkas
  8 ball pythons
  6 frilled lizards
  2 kobolds (D:2)
  5 rats
50 creatures vanquished.

Vanquished Creatures (others)
  3 plants (D:2)
3 creatures vanquished.

Grand Total: 53 creatures vanquished

Notes
Turn   | Place    | Note
-------+----------+-------------------------------------------
     0 | D:1      | jlumianski the Demonspawn Fighter began the quest for the
                  | Orb.
     0 | D:1      | Reached XP level 1. HP: 18/18 MP: 1/1
     4 | D:1      | Noticed a merfolk
     8 | D:1      | Noticed an elf
    14 | D:1      | Noticed a troll
    18 | D:1      | Noticed a minotaur skeleton
    18 | D:1      | Noticed a formicid
   202 | D:2      | Gained mutation: A meltable shield of frost defends you.
                  | (SH +4) [demonic ancestry]
   202 | D:2      | Reached XP level 2. HP: 12/24 MP: 2/2
   493 | D:1      | Gained mutation: Spells you cast may paralyse adjacent
                  | enemies. [demonic ancestry]
   493 | D:1      | Reached XP level 3. HP: 10/29 MP: 3/3
  1016 | D:2      | Gained mutation: You have an unusually large brain. (Int
                  | +2) [demonic ancestry]
  1016 | D:2      | Reached XP level 4. HP: 35/35 MP: 4/4
  1077 | D:2      | HP: 1/35 [adder (3)]
  1078 | D:2      | Succumbed to an adder's poison

Illustrated notes

Levels and vault maps discovered:
D:1:      shiori_arrival_whats_in_store_for_you, layout_basic,
          minmay_misc_feat_five, columned_hall_lemuel,
          wander_ebering_terrifying_dragon_lair
D:2:      layout_basic, serial_forest, infiniplex_forest_clump_large,
          infiniplex_forest_clump_cross, infiniplex_forest_clump_small,
          infiniplex_forest_side_room, infiniplex_forest_straight_3,
          uniq_crazy_yiuf_cottage
D:3:      wander_river, layout_rooms, uniq_ijyb

Skill      XL: |  1  2  3  4 |
---------------+-------------+-----
Axes           | 2 3 |  3.0
Shields        | 3 |  3.1
Armour         | 3 |  3.0
Fighting       | |  3.3
Dodging        | |  0.2

Action                   |  1- 3 |  4- 6 || total
-------------------------+-------+-------++-------
Melee: War axe           |   130 |    20 ||   150
  Use: Potion            |       |     2 ||     2
Armor: Scale mail        |    60 |    10 ||    70
Dodge: Dodged            |    63 |    12 ||    75
Block: Buckler           |    59 |    10 ||    69

Table legend: (Time is in decaauts)
 A = Elapsed time spent in this place.
 B = Non-inter-level travel time spent in this place.
 C = Inter-level travel time spent in this place.
 D = Time resting spent in this place.
 E = Time spent auto-exploring this place.
 F = Levels seen in this place.
 G = Mean time per level.
                   A        B        C        D        E       F      G
               +--------+--------+--------+--------+--------+-----+--------+
         Total |   1142 |   1142 |      0 |    131 |    416 |   3 |  380.7 |
       Dungeon |   1142 |   1142 |      0 |    131 |    416 |   3 |  380.7 |
               +--------+--------+--------+--------+--------+-----+--------+

Top non-repeatable levels by time:
     D:1: 673 daAuts
     D:2: 463 daAuts
     D:3: 6 daAuts
